 Dungeon Crawl Stone Soup version 0.17-a0-2231-gd80ca38 (webtiles) character file.

3483 Oddball22 the Transmogrifier (level 9, -6/59 HPs)
             Began as a Demonspawn Transmuter on Oct 29, 2015.
             Was a Priest of Sif Muna.
             Mangled by a centaur warrior
             ... wielding a cursed -2 shortbow
              (13 damage)
             ... on level 8 of the Dungeon.
             The game lasted 00:27:32 (9236 turns).

Oddball22 the Transmogrifier (DsTm)                 Turns: 9236, Time: 00:27:32

Health: -6/59      AC:  2    Str: 11    XL:     9   Next: 79%
Magic:  13/15      EV: 21    Int: 15    God:    Sif Muna [***...]
Gold:   442        SH:  0    Dex: 21    Spells: 4 memorised, 3 levels left

rFire  . . .     SeeInvis +       - Unarmed
rCold  . . .     Clarity  +     (armour currently unavailable)
rNeg   + . .     SustAt   .     (shield currently unavailable)
rPois  x         Gourm    .     (helmet currently unavailable)
rElec  .         Spirit   .     (cloak currently unavailable)
rCorr  .         Warding  .     (gloves currently unavailable)
rMut   .         Stasis   .     (boots currently unavailable)
MR     .....                    J - amulet of clarity
Stlth  ++........               C - ring of see invisible
                                I - ring of positive energy

@: spider-form (expiring), not resistant to hostile enchantments, unstealthy
A: (hooves 0), (iridescent scales 0), powered by death 2
a: End Transformation, Channel Energy, Forget Spell, Renounce Religion


You were on level 8 of the Dungeon.
You worshipped Sif Muna.
Sif Muna was most pleased with you.
You were not hungry.
You were a venomous arachnid creature.
You visited 1 branch of the dungeon, and saw 8 of its levels.

You collected 442 gold pieces.

Inventory:

Hand Weapons
 f - the cursed +0 trident "Ypnaukki" {drain, rElec MP+9 Int-4 Dex-2, unknown}
   (You found it on level 7 of the Dungeon)

   A truly terrible weapon, it drains the life of those it strikes.
   It affects your intelligence (-4).
   It affects your dexterity (-2).
   It insulates you from electricity.
   It affects your magic capacity (+9).
   It has a curse placed upon it.
 y - a +1 dagger of electrocution
Missiles
 a - 84 arrows
Armour
 b - a +0 robe (melded)
 g - a +0 hat (melded)
 o - a +0 pair of boots (melded)
Jewellery
 p - an uncursed ring of fire
 v - an uncursed ring of ice
 C - a ring of see invisible (right front leg)
 I - a ring of positive energy (left front leg)
 J - an amulet of clarity (around neck)
Wands
 z - a wand of random effects (16)
 G - a wand of magic darts (23)
 L - a wand of cold (5)
 M - a wand of polymorph (8)
 P - a wand of cold (6)
Scrolls
 e - 2 scrolls of fear {unknown}
 h - 10 scrolls of identify {unknown}
 m - 6 scrolls of teleportation {unknown}
 n - a scroll of amnesia {unknown}
 q - 6 scrolls of recharging {unknown}
 r - 6 scrolls of remove curse {unknown}
 s - 2 scrolls of enchant armour {unknown}
 t - 3 scrolls of magic mapping {unknown}
 B - 2 scrolls of blinking {unknown}
 F - a scroll of noise {unknown}
 H - 2 scrolls of immolation {unknown}
Potions
 i - 3 potions of cure mutation {unknown}
 j - 2 potions of heal wounds
 l - 2 potions of might {unknown}
 u - a potion of invisibility {unknown}
 w - 4 potions of flight {unknown}
 A - a potion of experience {unknown}
 D - a potion of lignification {unknown}
 E - a potion of brilliance {unknown}
 K - a potion of berserk rage {unknown}
Books
 c - a book of Changes

   Spells                             Type                      Level
   a - Beastly Appendage              Transmutation                1
   b - Sticks to Snakes               Transmutation                2
   c - Spider Form                    Transmutation/Poison         3
   d - Ice Form                       Ice/Transmutation            4
   e - Blade Hands                    Transmutation                5
 N - the Disquisition on the Glacier and Evil Magic
   (You found it on level 8 of the Dungeon)

   Spells                             Type                      Level
   a - Corpse Rot                     Necromancy                   2
   b - Ozocubu's Armour               Charms/Ice                   3
   c - Ice Form                       Ice/Transmutation            4
   d - Agony                          Necromancy                   5
   e - Freezing Cloud                 Conjuration/Ice/Air          6
Comestibles
 d - 8 bread rations
 k - 8 beef jerkies
 x - 15 fruits


   Skills:
 - Level 1.0 Fighting
 - Level 2.6 Dodging
 + Level 8.7 Unarmed Combat
 - Level 4.1 Spellcasting
 + Level 9.0 Transmutations
 - Level 1.5 Poison Magic


You had 3 spell levels left.
You knew the following spells:

 Your Spells              Type           Power        Failure   Level  Hunger
a - Beastly Appendage     Trmt           ####..       3%          1    None
b - Spider Form           Trmt/Pois      ###.......   24%         3    ###....
c - Ice Form              Ice/Trmt       ###.....     50%         4    ####...
d - Blade Hands           Trmt           ####......   32%         5    ######.


Dungeon Overview and Level Annotations

Branches:
Dungeon (8/15)             Temple (0/1) D:6            Lair (0/8) D:8

Altars:
Gozag
Kikubaaqudgha
Makhleb
Okawaru
Sif Muna
The Shining One

Annotations:
D:4 chimenez's ghost, amateur NaFi


Innate Abilities, Weirdness & Mutations

((You have hoof-like feet.))
((You are partially covered in iridescent scales (AC +4).))
You regenerate health from kills.


Message History

You completely miss the centaur warrior.
The centaur warrior is moderately wounded.
The centaur warrior hits you with a shortbow.
You bite the centaur warrior!
The centaur warrior looks even sicker.
The centaur warrior is heavily wounded.
The centaur warrior hits you with a shortbow!
* * * LOW HITPOINT WARNING * * *
You hit the centaur warrior.
The centaur warrior is severely wounded.
The centaur warrior hits you with a shortbow.
* * * LOW HITPOINT WARNING * * *
You bite the centaur warrior!
The centaur warrior is almost dead.
The centaur warrior closely misses you.
You hit the centaur warrior but do no damage.
The centaur warrior is almost dead.
The centaur warrior hits you with a shortbow.
* * * LOW HITPOINT WARNING * * *
The centaur warrior hits you with a shortbow!
You die...

### ##.############
#############.............#
...............##########.#######
################ #........
########## ######### ......cs.#
#.....### ########(# #.....##.
#.# #........ #.#######......#.
#.......^......#.
######......#..#. ########
#......#..#. .......#
#.........#. .#####.#.#
##)##........


You could see a centaur warrior.

Vanquished Creatures
  Erica (D:8)
  A hungry ghost (D:7)
  A mottled dragon (D:7)
  2 ice beasts
  2 sky beasts
  5 ogres
  2 centaurs
  6 giant frogs
  3 scorpions
  A wyvern skeleton (D:8)
  3 wights (D:7)
  2 hounds
  3 jellies
  An orc priest (D:7)
  A giant frog zombie (D:6)
  5 orc wizards
  A centaur skeleton (D:7)
  7 worker ants
  2 hound skeletons
  7 gnolls
  9 adders
  A shadow imp (D:5)
  2 adder skeletons
  4 worms
  4 giant geckos
  40 orcs
  5 giant cockroaches
  9 goblins
  9 hobgoblins
  9 jackals
  2 ball pythons
  5 bats
  2 giant gecko skeletons
  A giant gecko zombie (D:5)
  3 giant newts
  A jackal zombie (D:5)
  8 kobolds
  7 quokkas
  13 rats
190 creatures vanquished.

Notes
Turn   | Place    | Note
--------------------------------------------------------------
     0 | D:1      | Oddball22 the Demonspawn Transmuter began the quest for the Orb.
     0 | D:1      | Reached XP level 1. HP: 15/15 MP: 3/3
   572 | D:1      | Gained mutation: You have large cloven feet. [demonic ancestry]
   572 | D:1      | Reached XP level 2. HP: 14/21 MP: 3/5
   692 | D:1      | Reached skill level 3 in Unarmed Combat
  1592 | D:2      | Gained mutation: You regenerate a little health from kills. [demonic ancestry]
  1592 | D:2      | Reached XP level 3. HP: 7/26 MP: 4/6
  1824 | D:2      | Found a deep blue altar of Sif Muna.
  1830 | D:2      | Became a worshipper of Sif Muna the Loreminder
  2295 | D:2      | Found a burning altar of Makhleb.
  2297 | D:2      | Found a glowing golden altar of the Shining One.
  2304 | D:2      | Found an ancient bone altar of Kikubaaqudgha.
  2310 | D:2      | Learned a level 3 spell: Spider Form
  2343 | D:3      | Reached XP level 4. HP: 32/32 MP: 5/7
  3458 | D:3      | Learned a level 4 spell: Ice Form
  3503 | D:4      | Gained mutation: You have hoof-like feet. [demonic ancestry]
  3503 | D:4      | Reached XP level 5. HP: 19/37 MP: 7/9
  3694 | D:4      | Noticed chimenez's ghost (amateur NaFi)
  4056 | D:4      | Reached skill level 1 in Poison Magic
  4201 | D:4      | Reached XP level 6. HP: 23/43 MP: 3/10
  4580 | D:4      | Reached skill level 4 in Unarmed Combat
  4833 | D:5      | Entered Level 5 of the Dungeon
  5135 | D:5      | Reached * piety under Sif Muna
  5255 | D:5      | Found an opulent altar of Gozag.
  5349 | D:5      | Gained mutation: You are partially covered in iridescent scales (AC +4). [demonic ancestry]
  5349 | D:5      | Reached XP level 7. HP: 8/48 MP: 9/12
  5377 | D:5      | Learned a level 5 spell: Blade Hands
  5812 | D:5      | Reached skill level 5 in Transmutations
  6495 | D:6      | Reached skill level 5 in Unarmed Combat
  6678 | D:6      | You fall through a shaft for 2 floors!
  6692 | D:8      | Gained mutation: You regenerate health from kills. [demonic ancestry]
  6692 | D:8      | Reached XP level 8. HP: 18/54 MP: 14/14
  6879 | D:8      | Found an iron altar of Okawaru.
  6899 | D:8      | Reached ** piety under Sif Muna
  6899 | D:8      | Reached skill level 6 in Transmutations
  6908 | D:8      | Noticed a centaur warrior
  7280 | D:6      | Found a staircase to the Ecumenical Temple.
  7679 | D:7      | Reached skill level 7 in Transmutations
  7746 | D:7      | Got an ichor-stained trident
  8098 | D:7      | Reached XP level 9. HP: 43/59 MP: 12/15
  8539 | D:7      | Reached skill level 8 in Transmutations
  8677 | D:8      | Identified the Disquisition on the Glacier and Evil Magic
  8686 | D:8      | Noticed Erica
  8700 | D:8      | Killed Erica
  8700 | D:8      | Reached *** piety under Sif Muna
  9088 | D:8      | Found a staircase to the Lair.
  9116 | D:8      | Reached skill level 9 in Transmutations
  9236 | D:8      | Mangled by a centaur warrior

Vault maps used:
D:1:      elethiomel_arrival_quiet, kennysheep_decorative_pillar,
          grunt_decor_arrowhead, kennysheep_pointless_box,
          minmay_close_crescents
D:2:      minitemple, led_sif_pool
D:4:      first_bread
D:5:      lemuel_coloured_pillars_altar
D:6:      minmay_temple_entry_poolview
D:7:      enter_bailey_2, grunt_ogre_cave, minmay_misc_feat_iff
D:8:      nicolae_overflow_crystal_walls, lair_0_dummy, uniq_erica

Action                   |  1- 3 |  4- 6 |  7- 9 || total
-------------------------+-------+-------+-------++-------
Melee: Unarmed           |   189 |   304 |   383 ||   876
 Cast: Beastly Appendage |    16 |    21 |    33 ||    70
       Spider Form       |       |     8 |    13 ||    21
       Blade Hands       |       |       |     5 ||     5
Evoke: Wand              |       |       |     1 ||     1
  Use: Potion            |     1 |     2 |     1 ||     4
 Stab: Sleeping          |     2 |       |     2 ||     4
  Eat: Chunk             |     5 |     9 |    14 ||    28
       Fruit             |       |     1 |       ||     1
       Meat ration       |       |       |     1 ||     1
